 Dungeon Crawl Stone Soup version 0.32-a0-747-gc8563f6773 (webtiles) character file.

Game seed: 3521748515632338062

12091 cforsyth the Arsonist (level 11, 0/99 HPs)
             Began as a Mountain Dwarf Cinder Acolyte on Mar 17, 2024.
             Was a High Priest of Ignis.
             Slain by a yak (12 damage)
             ... on level 11 of the Dungeon.
             The game lasted 00:22:20 (17560 turns).

cforsyth the Arsonist (MDCA)                       Turns: 17560, Time: 00:22:20

Health: 0/99       AC: 18    Str: 25    XL:     11   Next: 57%
Magic:  21/21      EV:  6    Int: 15    God:    Ignis [*****.]
Gold:   276        SH:  0    Dex:  5    Spells: 22/24 levels left

rFire   + . .        a - -1 hand axe (flame)
rCold   + . .        (no shield)
rNeg    . . .        y - +1 plate armour "Jaloj" {Str+4}
rPois   .            z - +1 helmet
rElec   .            (no cloak)
rCorr   .            v - +0 pair of gloves
SInv    .            (no boots)
Will    ++...        (no amulet) Stlth
                     W - ring of willpower
HPRegen 0.36/turn    C - ring of protection from cold
MPRegen 0.17/turn

%: no passive effects
@: hasted, very quick
A: runic magic, artefact enchanting
a: Renounce Religion, Fiery Armour, Foxfire Swarm, Rising Flame


You were on level 11 of the Dungeon.
You worshipped Ignis.
Ignis was extremely pleased with you.
You visited 2 branches of the dungeon, and saw 12 of its levels.

You collected 635 gold pieces.
You spent 359 gold pieces at shops.


Innate Abilities, Weirdness & Mutations

Your spellcasting is much less encumbered by armour.
You can use scrolls of enchantment on lesser artefacts.


   Skills:
 + Level 9.8 Fighting
 + Level 10.7 Axes
 + Level 9.1 Armour
 + Level 7.1 Spellcasting
 + Level 10.7 Fire Magic


You had 22 spell levels left.
You knew the following spells:

 Your Spells              Type           Power      Damage    Failure   Level
X - Scorch                Fire           74%        2d8       1%          2

Your spell library contained the following spells:

 Spells                   Type           Power      Damage    Failure   Level
 Apportation              Tloc           10%        N/A       24%         1
 Necrotise                Necr           20%        1d5       24%         1
 Jinxbite                 Hex            10%        N/A       34%         2
 Frozen Ramparts          Ice            10%        1d2       56%         3
 Ozocubu's Armour         Ice            5%         N/A       56%         3
 Vampiric Draining        Necr           5%         2d6       56%         3
 Martyr's Knell           Necr/Summ      5%         N/A       93%         4
 Alistair's Intoxication  Alch           3%         N/A       100%        5
 Curse of Agony           Necr           5%         N/A       100%        5
 Metabolic Englaciation   Hex/Ice        2%         N/A       100%        5

Inventory:

Hand Weapons
 a - a -1 hand axe of flaming (weapon)
 A - a +0 war axe
 M - a +0 executioner's axe
Missiles
 H - 2 throwing nets {=f}
Armour
 v - a +0 pair of gloves (worn)
 y - the +1 plate armour "Jaloj" (worn) {Str+4}
   (You found it on level 6 of the Dungeon)

   Str+4:     It affects your strength (+4).
 z - a +1 helmet (worn)
 J - a +1 pair of boots of stealth
Magical Staves
 e - a staff of conjuration {!a}
 o - a staff of earth {!a}
 O - a staff of cold {!a}
Jewellery
 w - a ring of willpower
 C - a ring of protection from cold (right hand)
 F - a ring of protection from fire
 W - a ring of willpower (left hand)
Wands
 j - a wand of paralysis (14)
 p - a wand of flame (6)
 B - a wand of polymorph (1)
 I - a wand of digging (7)
Scrolls
 b - a scroll of immolation {unknown}
 d - 3 scrolls of vulnerability {unknown}
 m - 2 scrolls of enchant armour
 n - 8 scrolls of teleportation {@r2}
 q - a scroll of enchant weapon {unknown}
 r - 2 scrolls of noise {unknown}
 s - a scroll of amnesia {unknown}
 t - 2 scrolls of revelation
 D - a scroll of poison {unknown}
 G - a scroll of fog {unknown}
 K - a scroll of blinking
 L - 2 scrolls of butterflies {unknown}
Potions
 c - a potion of berserk rage {unknown}
 f - 5 potions of curing {@q1}
 g - 2 potions of invisibility {unknown}
 h - 3 potions of haste {@q3}
 i - 4 potions of brilliance
 k - 3 potions of enlightenment
 u - 2 potions of ambrosia
 x - a potion of attraction {unknown}
 E - 3 potions of mutation
 N - 2 potions of cancellation {unknown}

Dungeon Overview and Level Annotations

Branches:
Dungeon (11/15)            Temple (1/1) D:6            Lair (0/5) D:10
    Orc (0/2) D:10

Altars:
Ashenzari
Cheibriados
Dithmenos
Elyvilon
Fedhas
Gozag
Hepliaklqana
Kikubaaqudgha
Makhleb
Nemelex Xobeh
Okawaru
Qazlal
Ru
Sif Muna
Trog
Uskayaw
Vehumet
Wu Jian
Xom
Yredelemnul
Zin
The Shining One

Shops:
D:2 ?   D:8 ?   D:11 [

Annotations:
D:8 1 runed translucent door, hecktor's ghost, novice FoHu ######Y## #.# #.......# #.# . #.......######.####### .. #.......'Y.......∩...## ... #.......######.#####..## .... #.......# #.# ##..#..... +.......# ###.# ##OOO.... #.......# #YYY#

###..... ###'#####
#@### #..## ###.#
##O###### #..# #...#
#.<÷....### ... ##'####
####.÷.......### ..
#.....#
#..........#...###....
#.....#
#.##.......###...D....
####.....###.##.......#
#####....
...'.....'...##.......#
..
####...).########.#####


You could see a two-headed ogre and 3 yaks.


Message History

The two-headed ogre hits you with a +0 giant club.
* * * LOW HITPOINT WARNING * * *
The yak gores you but does no damage.
You slash the two-headed ogre! You burn the two-headed ogre.
The two-headed ogre is almost dead.
You hit the yak but do no damage. You slash the yak! You burn the yak.
The yak gores you.
* * * LOW HITPOINT WARNING * * *
Unknown command.
You hit the two-headed ogre. You burn the two-headed ogre.
The two-headed ogre is almost dead.
You hit the yak. You burn the yak. You barely miss the yak.
The yak gores you but does no damage.
The two-headed ogre hits you with a +0 giant club!
* * * LOW HITPOINT WARNING * * *
The two-headed ogre hits you with a +0 giant club.
* * * LOW HITPOINT WARNING * * *
You feel much better. The yak gores you!
* * * LOW HITPOINT WARNING * * *
Unknown command.
You hit the two-headed ogre but do no damage.
The two-headed ogre is almost dead.
You hit the yak. You burn the yak. You hit the yak but do no damage.
The yak gores you but does no damage.
Unknown command.
You hit the two-headed ogre. You burn the two-headed ogre.
The two-headed ogre is almost dead.
You hit the yak but do no damage. x2; The yak gores you!
You die...
Ignis goes out, and joins you in death.

Skill      XL: |  1  2  3  4  5  6  7  8  9 10 11 |
---------------+----------------------------------+-----
Armour         | 1 2 3 4 5 6 8 9 |  9.1
Fire Magic     | 4 5 6 7 8 9 10 | 10.7
Axes           | 4 5 6 7 8 9 10 | 10.7
Fighting       | 4 5 6 7 9 |  9.8
Spellcasting   | 2 3 4 5 6 7 |  7.1

Action                     |  1- 3 |  4- 6 |  7- 9 | 10-12 || total
---------------------------+-------+-------+-------+-------++-------
  Melee: Hand axe          |    98 |    21 |    72 |   228 ||   419
   Cast: Scorch            |     6 |    53 |   197 |   221 ||   477
  Evoke: Wand              |       |       |     8 |     4 ||    12
    Use: Scroll            |       |       |     4 |     4 ||     8
         Potion            |       |       |     1 |     8 ||     9
   Stab: Paralysed         |       |       |    12 |    11 ||    23
 Armour: Robe              |    68 |    44 |    36 |       ||   148
         Plate armour      |       |       |   188 |   435 ||   623
  Dodge: Dodged            |    51 |    28 |    71 |   135 ||   285

Levels and vault maps discovered:
D:1:      minmay_arrival_wavy_path, layout_loops_ring, serial_forest,
          infiniplex_forest_straight_4, infiniplex_forest_lined_room_2,
          infiniplex_forest_lined_corner, infiniplex_forest_lined_2,
          infiniplex_forest_straight_2, infiniplex_forest_straight_2,
          infiniplex_forest_clump_medium, infiniplex_forest_join,
          infiniplex_forest_straight_3
D:2:      layout_loops_ring, nicolae_nh_oracle_at_delphi, uniq_natasha,
          uniq_sigmund
D:3:      layout_rooms, mainiacjoe_overflow_alcove_1, cheibrodos_gnoll_hut
D:4:      layout_layer_cave, hangedman_decor_diamond_cutter
D:5:      layout_basic
D:6:      layout_basic, minmay_temple_entry_hall
D:7:      layout_cave_pools, uniq_pikel, uniq_jeremiah
D:8:      layout_loops_ring, gammafunk_ghost_grave, serial_shops,
          nicolae_shop_back_alley_shop, minmay_misc_feat_columns, nrook_uturn,
          grunt_ministairs_2
D:9:      layout_big_octagon, minmay_fractal_squares_5
D:10:     layout_irregular_city, grunt_lair_entry_orc_guard_hut,
          serial_column_ruins, column_ruins_circle_small, column_ruins_grid_5,
          column_ruins_columns_corner, column_ruins_grid_3,
          column_ruins_open_small_water, column_ruins_open_small,
          column_ruins_grid_4, column_ruins_grid_4, column_ruins_grid_2,
          patterned_corridor
D:11:     layout_roguey, serial_shops, shop, shop, kennysheep_little_box
Temple:   minmay_crystal_snake_temple

Notes
Turn   | Place    | Note
-------+----------+-------------------------------------------
     0 | D:1      | cforsyth the Mountain Dwarf Cinder Acolyte began the quest
                  | for the Orb.
     0 | D:1      | Reached XP level 1. HP: 19/19 MP: 2/2
   107 | D:1      | Reached XP level 2. HP: 12/26 MP: 3/3
   539 | D:1      | Reached skill level 1 in Armour
   742 | D:1      | Reached skill level 4 in Fire Magic
  1183 | D:2      | Reached XP level 3. HP: 31/31 MP: 5/5
  1186 | D:2      | Learned a level 2 spell: Scorch
  1214 | D:2      | Reached skill level 4 in Axes
  1324 | D:2      | Noticed a black bear
  1328 | D:2      | Killed a black bear
  1329 | D:2      | Reached skill level 4 in Fighting
  1329 | D:2      | Reached skill level 2 in Armour
  1329 | D:2      | Reached XP level 4. HP: 40/40 MP: 1/6
  1469 | D:2      | Reached XP level 5. HP: 42/46 MP: 4/7
  1489 | D:2      | Noticed Sigmund
  1559 | D:2      | Killed Sigmund
  1560 | D:2      | Reached skill level 2 in Spellcasting
  1560 | D:2      | Reached XP level 6. HP: 40/53 MP: 1/9
  1775 | D:2      | Noticed Natasha
  1780 | D:2      | Killed Natasha
  1781 | D:2      | Reached skill level 5 in Axes
  1781 | D:2      | Reached skill level 5 in Fire Magic
  2139 | D:2      | Found The Oracle's Delphic Readings.
  2143 | D:2      | Bought a scroll of teleportation for 39 gold pieces
  2143 | D:2      | Bought a scroll of identify for 26 gold pieces
  2393 | D:2      | Noticed Natasha
  2395 | D:2      | Killed Natasha
  2482 | D:2      | Reached skill level 3 in Armour
  2777 | D:2      | Noticed Natasha
  2782 | D:2      | Killed Natasha
  2973 | D:2      | Found The Oracle's Delphic Readings.
  3553 | D:3      | Reached XP level 7. HP: 54/60 MP: 2/11
  3624 | D:3      | Reached skill level 5 in Fighting
  3629 | D:3      | HP: 6/61 [poisoned by an adder]
  3878 | D:3      | Reached skill level 3 in Spellcasting
  4055 | D:3      | Found a shimmering blue altar of Sif Muna.
  6019 | D:5      | Entered Level 5 of the Dungeon
  6049 | D:5      | Reached skill level 4 in Armour
  6160 | D:5      | Reached skill level 6 in Axes
  6160 | D:5      | Reached skill level 6 in Fire Magic
  6189 | D:4      | Reached XP level 8. HP: 47/70 MP: 6/13
  6532 | D:5      | Identified the +1 robe of the Charmed Grue {Regen+ Int+3}
  6964 | D:6      | Reached skill level 6 in Fighting
  7200 | D:6      | Found a staircase to the Ecumenical Temple.
  7648 | D:6      | Reached skill level 4 in Spellcasting
  7665 | D:6      | Identified the +1 plate armour "Jaloj" {Str+4}
  7753 | D:6      | Reached skill level 5 in Armour
  8002 | Temple   | Entered the Ecumenical Temple
  8165 | D:6      | Reached skill level 7 in Axes
  8234 | D:6      | Reached skill level 7 in Fire Magic
  8619 | D:7      | Noticed Pikel
  8622 | D:7      | Noticed a two-headed ogre
  8887 | D:7      | Noticed a hornet
  8999 | D:7      | Paralysed by a hornet for 2 turns
  9001 | D:7      | Killed a hornet
  9002 | D:7      | Reached XP level 9. HP: 32/78 MP: 7/15
  9588 | D:6      | Killed Pikel
  9589 | D:6      | Reached skill level 7 in Fighting
  9589 | D:6      | Reached skill level 6 in Armour
  9762 | D:7      | Noticed Jeremiah
 10297 | D:7      | Killed Jeremiah
 10298 | D:7      | Reached skill level 8 in Axes
 10298 | D:7      | Reached skill level 5 in Spellcasting
 10298 | D:7      | Reached skill level 8 in Fire Magic
 10454 | D:7      | Killed a two-headed ogre
 11352 | D:8      | Reached XP level 10. HP: 84/88 MP: 9/18
 11739 | D:8      | Found Yzeit's Magic Scroll Shop.
 11744 | D:8      | Bought a scroll of revelation for 90 gold pieces
 11744 | D:8      | Bought a scroll of identify for 24 gold pieces
 11744 | D:8      | Bought a scroll of blinking for 90 gold pieces
 11744 | D:8      | Bought a scroll of enchant armour for 90 gold pieces
 11767 | D:8      | Found a runed translucent door.
 11768 | D:8      | Noticed hecktor's ghost (novice FoHu)
 11948 | D:8      | Reached skill level 7 in Armour
 12065 | D:8      | Identified the +11 mace of Tonyth {pain, +Blink rElec
                  | Str+4}
 12301 | D:8      | Reached skill level 8 in Fighting
 13137 | D:9      | Reached skill level 9 in Axes
 13440 | D:9      | Reached skill level 9 in Fire Magic
 13914 | D:8      | Reached skill level 6 in Spellcasting
 14672 | D:10     | Entered Level 10 of the Dungeon
 14936 | D:10     | Found a staircase to the Orcish Mines.
 15045 | D:10     | Reached skill level 8 in Armour
 15281 | D:10     | Reached skill level 9 in Fighting
 15612 | D:10     | Found a staircase to the Lair.
 15714 | D:10     | Noticed a two-headed ogre
 15743 | D:10     | Killed a two-headed ogre
 15744 | D:10     | Reached XP level 11. HP: 97/97 MP: 20/20
 15805 | D:10     | Reached skill level 10 in Axes
 15805 | D:10     | Reached skill level 10 in Fire Magic
 16575 | D:11     | Found Rafuhot's Armour Shoppe.
 16739 | D:11     | Noticed an ogre mage
 16739 | D:11     | Noticed a two-headed ogre
 16739 | D:11     | Noticed a two-headed ogre
 16739 | D:11     | Noticed a two-headed ogre
 16742 | D:11     | Noticed a two-headed ogre
 16744 | D:11     | Noticed a two-headed ogre
 16753 | D:11     | Killed an ogre mage
 16967 | D:10     | Killed a two-headed ogre
 17107 | D:11     | Killed a two-headed ogre
 17202 | D:11     | Killed a two-headed ogre
 17203 | D:11     | Reached skill level 9 in Armour
 17203 | D:11     | Reached skill level 7 in Spellcasting
 17542 | D:11     | HP: 5/99 [yak (12)]
 17546 | D:11     | HP: 2/99 [two-headed ogre/+0 giant club (22)]
 17557 | D:11     | HP: 8/99 [two-headed ogre/+0 giant club (8)]
 17557 | D:11     | HP: 2/99 [two-headed ogre/+0 giant club (6)]
 17560 | D:11     | Slain by a yak

Vanquished Creatures
  An ogre mage (D:11)
  5 two-headed ogres
  Pikel (D:6)
  Jeremiah (D:7)
  2 komodo dragons (D:10)
  2 hornets
  Sigmund (D:2)
  2 vampires
  13 yaks
  2 wraiths
  2 steam dragons
  2 acid dragons
  A water moccasin (D:6)
  A sky beast (D:8)
  5 black bears
  4 orc warriors
  An ice beast (D:8)
  An ogre (D:6)
  2 lemures (D:6)
  2 centaurs
  3 kobold brigands
  2 gnoll sergeants
  3 bullfrogs
  2 scorpions
  5 wights
  8 killer bees
  A howler monkey (D:8)
  4 hounds
  5 jellies
  A bombardier beetle (D:6)
  3 gnoll boudas
  5 orc priests
  2 sleepcaps
  2 iguanas
  Natasha (thrice) (D:2)
  5 orc wizards
  6 adders
  22 gnolls
  A shadow imp (D:7)
  A ribbon worm (D:2)
  A dart slug (D:1)
  51 orcs
  7 bats
  9 endoplasms
  2 giant cockroaches (D:1)
  9 hobgoblins
  2 quokkas (D:4)
  4 ball pythons
  6 frilled lizards
  10 goblins
  9 kobolds
  8 rats
253 creatures vanquished.

Table legend: (Time is in decaauts)
 A = Elapsed time spent in this place.
 B = Non-inter-level travel time spent in this place.
 C = Inter-level travel time spent in this place.
 D = Time resting spent in this place.
 E = Time spent auto-exploring this place.
 F = Levels seen in this place.
 G = Mean time per level.
                   A        B        C        D        E       F      G
               +--------+--------+--------+--------+--------+-----+--------+
         Total |  17583 |  17330 |    253 |   4302 |  10593 |  12 | 1465.2 |
       Dungeon |  17425 |  17172 |    253 |   4153 |  10593 |  11 | 1584.1 |
        Temple |    158 |    158 |      0 |    149 |      0 |   1 |  158.0 |
               +--------+--------+--------+--------+--------+-----+--------+

Top non-repeatable levels by time:
     D:6: 2563 daAuts
     D:2: 2159 daAuts
     D:8: 2135 daAuts
    D:10: 2005 daAuts
     D:4: 1708 daAuts
     D:7: 1448 daAuts
     D:9: 1380 daAuts
     D:1: 1273 daAuts
     D:5: 1062 daAuts
     D:3: 1053 daAuts
    D:11: 635 daAuts
  Temple: 158 daAuts

Table legend:
 A = Non-vault XP
 B = Vault XP
 C = Vault XP percentage of total XP
 D = Non-vault monster count
 E = Vault monster count
 F = Vault count percentage of total count
                 A         B        C        D         E       F
            +---------+---------+-------+---------+---------+-------
      Total |   13887 |    3387 |  19.6 |     227 |      24 |   9.6
            +---------+---------+-------+---------+---------+-------
        D:1 |      38 |       0 |   0.0 |      23 |       0 |   0.0
        D:2 |     276 |     292 |  51.4 |      26 |       4 |  13.3
        D:3 |     278 |     102 |  26.8 |      28 |       3 |   9.7
        D:4 |     316 |       0 |   0.0 |      25 |       0 |   0.0
        D:5 |     621 |       0 |   0.0 |      10 |       0 |   0.0
        D:6 |     912 |     685 |  42.9 |      22 |       1 |   4.3
        D:7 |    1461 |     394 |  21.2 |      21 |       1 |   4.5
        D:8 |    2176 |     271 |  11.1 |      26 |       3 |  10.3
        D:9 |    1207 |     799 |  39.8 |      16 |       7 |  30.4
       D:10 |    3096 |     844 |  21.4 |      20 |       5 |  20.0
       D:11 |    3478 |       0 |   0.0 |       8 |       0 |   0.0
     Temple |      28 |       0 |   0.0 |       2 |       0 |   0.0
            +---------+---------+-------+---------+---------+-------
